 Dungeon Crawl Stone Soup version 0.20.2-3-g29329e0561 (webtiles) character file.

116 Alfie the Shield-Bearer (level 4, -1/41 HPs)
             Began as a Minotaur Fighter on Dec 16, 2020.
             Slain by Sigmund
             ... wielding a +4 scythe of protection
              (3 damage)
             ... on level 3 of the Dungeon.
             The game lasted 00:04:07 (1396 turns).

Alfie the Shield-Bearer (Minotaur Fighter)          Turns: 1396, Time: 00:04:08

Health: -1/41      AC:  7    Str: 21    XL:     4   Next: 70%
Magic:  3/3        EV:  8    Int:  9    God:
Gold:   138        SH:  9    Dex: 10    Spells: 3/3 levels left

rFire    . . .     SeeInvis .   a - +0 long sword
rCold    . . .     Gourm    .   c - +0 shield
rNeg     . . .     Faith    .   b - +0 scale mail
rPois    .         Spirit   .   (helmet restricted)
rElec    .         Reflect  .   (no cloak)
rCorr    .         Harm     .   (no gloves)
MR       .....                  (no boots)
Stlth    ..........             r - amulet of rage
Regen    0.2/turn               g - +4 ring of intelligence
MPRegen  0.1/turn               j - ring of flight

@: no status effects
A: retaliatory headbutt, horns 2
a: Evoke Berserk Rage, Evoke Flight


You were on level 3 of the Dungeon.
You were not hungry.

You visited 1 branch of the dungeon, and saw 3 of its levels.

You collected 138 gold pieces.

Inventory:

Hand Weapons
 a - a +0 long sword (weapon)
Armour
 b - a +0 scale mail (worn)
 c - a +0 shield (worn)
Jewellery
 g - a +4 ring of intelligence (left hand)
 j - a ring of flight (right hand)
 r - an amulet of rage (around neck)
Scrolls
 i - a scroll of blinking
 m - 2 scrolls of amnesia
Potions
 d - a potion of might
 e - a potion of brilliance {unknown}
 h - 2 potions of heal wounds {unknown}
 s - a potion of curing {unknown}
Comestibles
 f - a bread ration
 l - 3 fruits
 n - a meat ration


   Skills:
 + Level 4.3 Fighting
 + Level 3.5 Long Blades
 + Level 4.4 Armour
 + Level 1.2 Dodging
 + Level 4.5 Shields


You had 3 spell levels left.
You didn't know any spells.

Dungeon Overview and Level Annotations

Branches:
Dungeon (3/15)

Altars:
Okawaru
Qazlal
Uskayaw

Annotations:
D:3 Sigmund


Innate Abilities, Weirdness & Mutations

You reflexively headbutt those who attack you in melee.
You have a pair of horns on your head.


Message History

Sigmund flickers and vanishes!
Deactivating autopickup; reactivate with Ctrl-A.
You block the orc's attack.
Your shield prevents you from hitting the orc.
Your headbutt misses the orc.
The orc wizard hits you but does no damage.
You hit the orc but do no damage. You headbutt the orc.
You kill the orc!
The orc wizard barely misses you. The orc hits you but does no damage.
You slash the orc!
You kill the orc!
You block the orc wizard's attack.
A magic dart appears from out of thin air!
The magic dart hits you!
* * * LOW HITPOINT WARNING * * *
The orc wizard gestures at you while chanting.
The magic dart hits you!
* * * LOW HITPOINT WARNING * * *
You closely miss the orc. Something hits you.
You die...

....##.# ...##.###
#......# #......##
#.......#
#.!.....#
#{......# ####
#o##.##.# #..
#@##.##.# #.#
#.o...#.#######.##
####..#....).<...>
#o.#########.##
#..# #.# #.# .
#######.##
.###......<..
..##.########


You could see an orc wizard and an orc.

Vanquished Creatures
  3 gnolls
  An adder (D:3)
  2 oozes
  A worm (D:2)
  3 leopard geckos
  4 orcs (D:3)
  4 giant cockroaches
  5 goblins
  5 hobgoblins
  9 jackals (D:2)
  A quokka (D:2)
  6 bats
  4 frilled lizards
  4 kobolds
  7 rats
59 creatures vanquished.

Notes
Turn   | Place    | Note
-------+----------+-------------------------------------------
     0 | D:1      | Alfie the Minotaur Fighter began the quest for the Orb.
     0 | D:1      | Reached XP level 1. HP: 19/19 MP: 0/0
   100 | D:1      | Reached XP level 2. HP: 27/27 MP: 1/1
   315 | D:1      | Reached XP level 3. HP: 24/33 MP: 2/2
   731 | D:2      | Found an iron altar of Okawaru.
  1129 | D:2      | Reached XP level 4. HP: 36/40 MP: 3/3
  1225 | D:2      | Found a stormy altar of Qazlal.
  1226 | D:2      | Found a hide-covered altar of Uskayaw.
  1322 | D:3      | Reached skill level 1 in Dodging
  1385 | D:3      | Noticed Sigmund
  1395 | D:3      | HP: 2/41 [orc wizard/magic dart (8)]
  1396 | D:3      | Slain by Sigmund

Skill      XL: |  1  2  3  4 |
---------------+-------------+-----
Armour         | 4 |  4.4
Fighting       | 4 |  4.3
Shields        | 4 |  4.5
Long Blades    | 3 |  3.5
Dodging        | 1 |  1.2

Action                   |  1- 3 |  4- 6 || total
-------------------------+-------+-------++-------
Melee: Long sword        |   113 |    38 ||   151
       Headbutt          |    13 |     8 ||    21
  Use: Scroll            |     6 |     1 ||     7
  Eat: Royal jelly       |     1 |       ||     1
Armor: Scale mail        |    78 |    11 ||    89
Dodge: Dodged            |    41 |    10 ||    51
Block: Shield            |    81 |    26 ||   107
       Rpst.: Long sword |     8 |     4 ||    12
